 Dungeon Crawl Stone Soup version 0.19.1 (webtiles) character file.

1754 Promit the Digger (level 9, 0/45 HPs)
             Began as a Gargoyle Earth Elementalist on Dec 22, 2016.
             Was an Initiate of Vehumet.
             Slain by baghtru's ghost (15 damage)
             ... on level 5 of the Dungeon.
             The game lasted 00:26:25 (8307 turns).

Promit the Digger (Gargoyle Earth Elementalist)     Turns: 8307, Time: 00:26:25

Health: 0/45       AC:  9    Str: 14    XL:     9   Next: 6%
Magic:  5/20       EV: 12    Int: 20    God:    Vehumet [......]
Gold:   326        SH:  0    Dex: 10    Spells: 3 memorised, 14 levels left

rFire  . . .     SeeInvis .     b - 57 stones
rCold  . . .     Gourm    .     c - +2 robe
rNeg   + . .     Faith    .     (no shield)
rPois  ∞         Spirit   .     (no helmet)
rElec  +         Reflect  .     (no cloak)
rCorr  .         Harm     .     (no gloves)
MR     .....                    (no boots)
Stlth  ++........               (no amulet)
                                (no ring)
                                p - +3 ring of strength

@: no status effects
A: negative energy resistance 1, electricity resistance, unbreathing,
petrification resistance, rot immunity, AC +5
a: Renounce Religion


You were on level 5 of the Dungeon.
You worshipped Vehumet.
Vehumet was noncommittal.
You were not hungry.

You visited 2 branches of the dungeon, and saw 6 of its levels.
You also visited: Ossuary.

You collected 326 gold pieces.

Inventory:

Hand Weapons
 a - a +0 dagger
 f - a +0 dagger
 h - a cursed +0 club
 t - a +3 dagger of venom
Missiles
 b - 57 stones (in hand)
Armour
 c - a +2 robe (worn)
Jewellery
 p - a +3 ring of strength (left hand)
 u - an uncursed ring of ice
Wands
 k - a wand of confusion (45/48)
 r - a wand of lightning (6/15)
 D - a wand of digging (21/24)
Scrolls
 s - a scroll of remove curse
 x - a scroll of teleportation
 B - a scroll of magic mapping
Potions
 g - 2 potions of heal wounds
 i - a potion of cancellation
 j - a potion of mutation
 l - 2 potions of lignification
 m - a potion of curing
 n - 2 potions of magic
 o - 2 potions of might {unknown}
 q - 3 potions of brilliance
 z - a potion of agility {unknown}
 A - 2 potions of flight {unknown}
 C - a potion of berserk rage {unknown}
Books
 e - a book of Geomancy

   Spells                             Type                      Level
   a - Sandblast                      Earth                        1
   b - Passwall                       Transmutation/Earth          2
   c - Stone Arrow                    Conjuration/Earth            3
   d - Petrify                        Transmutation/Earth          4
   e - Lee's Rapid Deconstruction     Earth                        5
Comestibles
 d - 3 bread rations
 v - a meat ration


   Skills:
 - Level 1.5 Dodging
 - Level 2.1 Stealth
 * Level 7.7 Spellcasting
 + Level 5.6 Conjurations
   Level 0.7 Transmutations
 + Level 7.9 Earth Magic


You had 14 spell levels left.
You knew the following spells:

 Your Spells              Type           Power        Failure   Level  Hunger
a - Sandblast             Erth           #####.       1%          1    None
b - Stone Arrow           Conj/Erth      ####..       1%          3    None
c - Lee's Rapid Deconstr  Erth           #####.....   12%         5    #####..


Dungeon Overview and Level Annotations

Branches:
Dungeon (5/15)             Temple (1/1) D:5

Altars:
Ashenzari
Cheibriados
Dithmenos
Elyvilon
Gozag
Hepliaklqana
Makhleb
Okawaru
Qazlal
Ru
Sif Muna
Trog
Uskayaw
Vehumet
Xom
Yredelemnul
Zin
The Shining One

Annotations:
D:5 baghtru's ghost, novice HOFi


Innate Abilities, Weirdness & Mutations

You are resistant to torment.
Your stone body is resilient. (AC +5)
You are immune to poison.
You resist negative energy. (rN+)
You are resistant to electric shocks. (rElec)
You can survive without breathing.
You are immune to petrification.
You are immune to rotting.


Message History

The stone arrow hits baghtru's ghost.
Baghtru's ghost is heavily damaged.
Baghtru's ghost hits you.
Casting: Stone Arrow
Confirm with . or Enter, or press ? or * to list all spells.
Aiming: Stone Arrow
Press: ? - help, Shift-Dir - straight line, f/p - baghtru's ghost
Aim: baghtru's ghost (heavily damaged)
The stone arrow hits baghtru's ghost.
Baghtru's ghost is heavily damaged.
Baghtru's ghost hits you!
Casting: Stone Arrow
Confirm with . or Enter, or press ? or * to list all spells.
Aiming: Stone Arrow
Press: ? - help, Shift-Dir - straight line, f/p - baghtru's ghost
Aim: baghtru's ghost (heavily damaged)
The stone arrow hits baghtru's ghost.
Baghtru's ghost is severely damaged.
Baghtru's ghost hits you!
You die...

...#...#.........................
...#...#...........#######.......
...#...#..(........* #.......
...#...#...........* #.......
...#...#****#######* #.......
...)..## #############.......
...)..# #...................
#.....# #...................
#.....# #..@....Z...........
#.....# #.W...........####..
#.....# #.............# *##
#.....# #.............# #.....#
#........%....# #######
#.............# *******
#.............#
*,,_,,*******#..........,,,******
,≈,,,≈,*,,,,,,,,,,,,,,,,,,,,,,,,*


You could see baghtru's ghost and a quokka zombie.

Vanquished Creatures
  Eustachio (D:5)
  A phantom (D:4)
  3 ogres
  A wyvern zombie (Ossuary)
  A scorpion (D:4)
  4 howler monkeys
  3 crimson imps (D:5)
  A bullfrog zombie (D:5)
  An orc priest (D:3)
  2 centaur zombies
  An orc wizard (D:3)
  2 bullfrog skeletons (D:4)
  2 iguanas (D:4)
  6 worker ants
  2 hound zombies (Ossuary)
  A hound skeleton (D:5)
  14 mummies (Ossuary)
  4 worker ant zombies (Ossuary)
  6 adders
  3 gnolls (D:5)
  A shadow imp (D:5)
  4 oozes
  3 adder zombies (Ossuary)
  An adder skeleton (D:4)
  5 worms
  3 dart slugs
  A leopard gecko (D:3)
  12 orcs
  4 giant cockroaches
  5 goblins
  15 hobgoblins
  8 kobolds
  A quokka (D:3)
  A ball python (D:2)
  9 bats
  3 frilled lizards
  A giant cockroach zombie (Ossuary)
  A leopard gecko zombie (Ossuary)
  4 quokka zombies
  5 rats
  A rat zombie (D:5)
147 creatures vanquished.

Vanquished Creatures (others)
  3 withered plants (Ossuary)
3 creatures vanquished.

Grand Total: 150 creatures vanquished

Notes
Turn   | Place    | Note
-------+----------+-------------------------------------------
     0 | D:1      | Promit the Gargoyle Earth Elementalist began the quest for the Orb.
     0 | D:1      | Reached XP level 1. HP: 10/10 MP: 3/3
   189 | D:1      | Reached XP level 2. HP: 8/15 MP: 0/5
   604 | D:1      | Reached XP level 3. HP: 19/19 MP: 2/7
   611 | D:1      | Learned a level 3 spell: Stone Arrow
  1085 | D:2      | Found a deep blue altar of Sif Muna.
  1196 | D:2      | Found a snail-covered altar of Cheibriados.
  1324 | D:2      | Found a white marble altar of Elyvilon.
  1704 | D:3      | Reached XP level 4. HP: 24/24 MP: 7/9
  2163 | D:3      | Found a stormy altar of Qazlal.
  2189 | D:3      | Reached skill level 1 in Conjurations
  2192 | D:3      | Reached XP level 5. HP: 28/28 MP: 1/10
  2199 | D:3      | Learned a level 5 spell: Lee's Rapid Deconstruction
  2435 | D:3      | Reached skill level 5 in Earth Magic
  2618 | D:4      | Noticed a phantom
  2672 | D:4      | Found a basalt altar of Yredelemnul.
  2683 | D:4      | Reached XP level 6. HP: 28/32 MP: 6/12
  2714 | D:4      | Killed a phantom
  3419 | D:4      | Reached skill level 5 in Spellcasting
  3419 | D:4      | Reached XP level 7. HP: 31/36 MP: 10/14
  4299 | D:5      | Entered Level 5 of the Dungeon
  4364 | D:5      | Found a sand-covered staircase.
  4371 | Ossuary  | Entered an ossuary
  4799 | Ossuary  | Reached XP level 8. HP: 37/41 MP: 11/17
  6043 | D:5      | Noticed baghtru's ghost (novice HOFi)
  6363 | D:5      | Noticed Eustachio
  6379 | D:5      | Killed Eustachio
  6379 | D:5      | Reached skill level 5 in Conjurations
  7770 | D:5      | Reached XP level 9. HP: 45/45 MP: 17/20
  7921 | D:5      | Found a staircase to the Ecumenical Temple.
  7930 | Temple   | Entered the Ecumenical Temple
  8069 | Temple   | Became a worshipper of Vehumet
  8307 | D:5      | Slain by baghtru's ghost

Skill      XL: |  1  2  3  4  5  6  7  8 |
---------------+-------------------------+-----
Earth Magic    | 4 5 6 7 |  7.9
Spellcasting   | 3 4 5 6 7 |  7.7
Conjurations   | 1 2 3 5 |  5.6
Dodging        | |  1.5
Stealth        | |  2.1
Transmutations | |  0.7

Action                   |  1- 3 |  4- 6 |  7- 9 || total
-------------------------+-------+-------+-------++-------
Melee: Dagger            |     9 |    19 |    61 ||    89
 Cast: Sandblast         |    59 |    62 |   141 ||   262
       Stone Arrow       |       |     5 |    26 ||    31
  Use: Scroll            |     5 |     4 |    10 ||    19
       Potion            |       |     1 |       ||     1
  Eat: Chunk             |     2 |     6 |    10 ||    18
       Fruit             |       |       |     6 ||     6
       Bread ration      |       |       |     1 ||     1
Armor: Robe              |     8 |    10 |    46 ||    64
Dodge: Dodged            |    23 |    27 |    93 ||   143
